TOP OF THE 1ST |
Jersey Shore D-Bags batting - Pitching for St. Louis Browns : LHP Darren Blackwell
|
Pitching: LHP Darren Blackwell
|
|
Batting: RHB Ricardo González
|
0-0: Foul Ball, location: 2F 0-1: Called Strike 0-2: Foul Ball, location: 2F 0-2: Strikes out swinging
|
Batting: LHB Ed Murray
|
0-0: Foul Ball, location: 2F 0-1: Ball 1-1: Ball 2-1: Ball 3-1: Base on Balls
|
Batting: RHB Miguel Serna
|
0-0: Called Strike 0-1: Ground out 4-3 (Groundball, 4S) Ed Murray to second
|
Batting: LHB Dave Dodd
|
0-0: Fly out, F8 (Flyball, 78M)
|
Top of the 1st over - 0 runs, 0 hits, 0 errors, 1 left on base; Jersey Shore 0 - St. Louis 0 |
BOTTOM OF THE 1ST |
St. Louis Browns batting - Pitching for Jersey Shore D-Bags : RHP Stephen Puckett
|
Pitching: RHP Stephen Puckett
|
|
Batting: LHB Miguel Medellín
|
0-0: Called Strike 0-1: Ball 1-1: Swinging Strike 1-2: Fly out, F5 (Popup, 5SF)
|
Batting: LHB Robin Hill
|
0-0: Ground out U3 (Groundball, 3)
|
Batting: LHB Mike Hill
|
0-0: Called Strike 0-1: Ground out 6-3 (Groundball, 6M)
|
Bottom of the 1st over - 0 runs, 0 hits, 0 errors, 0 left on base; Jersey Shore 0 - St. Louis 0 |
TOP OF THE 2ND |
Jersey Shore D-Bags batting - Pitching for St. Louis Browns : LHP Darren Blackwell
|
Batting: RHB Francisco Sandoval
|
0-0: Ball 1-0: Swinging Strike 1-1: Foul Ball, location: 2F 1-2: Ball 2-2: Ball 3-2: Fly out, F4 (Popup, 4)
|
Batting: RHB Mike Ingram
|
0-0: Called Strike 0-1: Ball 1-1: Ball 2-1: SINGLE (Groundball, 6D)
|
Batting: LHB Ray Bryant
|
0-0: Called Strike 0-1: Ball 1-1: Ball 2-1: Swinging Strike 2-2: Foul Ball, location: 2F 2-2: Ball 3-2: DOUBLE (Line Drive, 8LXD) Mike Ingram to third Runner from 3rd tries for Home, SAFE, no throw
|
Batting: RHB Jason Erickson
|
0-0: Ball 1-0: Foul Ball, location: 2F 1-1: Swinging Strike 1-2: Ball 2-2: Foul Ball, location: 2F 2-2: Fly out, F9 (Line Drive, 89D) Runner from 2nd tags up, SAFE at 3rd, no throw
|
Batting: LHB José Delgado
|
0-0: Foul Ball, location: 2F 0-1: Ball 1-1: Foul Ball, location: 2F 1-2: Ball 2-2: Ball 3-2: Strikes out swinging
|
Top of the 2nd over - 1 run, 2 hits, 0 errors, 1 left on base; Jersey Shore 1 - St. Louis 0 |
BOTTOM OF THE 2ND |
St. Louis Browns batting - Pitching for Jersey Shore D-Bags : RHP Stephen Puckett
|
Batting: RHB Carlos Alfaro
|
0-0: Called Strike 0-1: Ball 1-1: Ball 2-1: Fly out, F6 (Line Drive, 6M)
|
Batting: LHB Junior Coates
|
0-0: Ball 1-0: Foul Ball, location: 2F 1-1: Foul Ball, location: 2F 1-2: Ball 2-2: Foul Ball, location: 2F 2-2: Ball 3-2: Base on Balls
|
Batting: SHB Víctor Serrano
|
0-0: Ball 1-0: Grounds into double play, U3-6 (Groundball, 3L)
|
Bottom of the 2nd over - 0 runs, 0 hits, 0 errors, 0 left on base; Jersey Shore 1 - St. Louis 0 |
TOP OF THE 3RD |
Jersey Shore D-Bags batting - Pitching for St. Louis Browns : LHP Darren Blackwell
|
Batting: RHB Ricardo González
|
0-0: Ground out 6-3 (Groundball, 56D)
|
Batting: LHB Ed Murray
|
0-0: Swinging Strike 0-1: Ball 1-1: Called Strike 1-2: Foul Ball, location: 2F 1-2: Strikes out swinging
|
Batting: RHB Miguel Serna
|
0-0: Ground out 6-3 (Groundball, 6)
|
Top of the 3rd over - 0 runs, 0 hits, 0 errors, 0 left on base; Jersey Shore 1 - St. Louis 0 |
BOTTOM OF THE 3RD |
St. Louis Browns batting - Pitching for Jersey Shore D-Bags : RHP Stephen Puckett
|
Batting: RHB Jeff Jones
|
0-0: Ball 1-0: Fly out, F9 (Flyball, 9)
|
Batting: RHB Anthony Rucker
|
0-0: Ball 1-0: Foul Ball, location: 2F 1-1: Called Strike 1-2: Ball 2-2: Ball 3-2: Strikes out swinging
|
Batting: RHB Remi Eruzione
|
0-0: Called Strike 0-1: Ball 1-1: Ground out 5-3 (Groundball, 5)
|
Bottom of the 3rd over - 0 runs, 0 hits, 0 errors, 0 left on base; Jersey Shore 1 - St. Louis 0 |
TOP OF THE 4TH |
Jersey Shore D-Bags batting - Pitching for St. Louis Browns : LHP Darren Blackwell
|
Batting: LHB Dave Dodd
|
0-0: Called Strike 0-1: Fly out, F7 (Flyball, 7D)
|
Batting: RHB Francisco Sandoval
|
0-0: Ball 1-0: Fly out, F7 (Flyball, 7LS)
|
Batting: RHB Mike Ingram
|
0-0: Ground out 4-3 (Groundball, 4)
|
Top of the 4th over - 0 runs, 0 hits, 0 errors, 0 left on base; Jersey Shore 1 - St. Louis 0 |
BOTTOM OF THE 4TH |
St. Louis Browns batting - Pitching for Jersey Shore D-Bags : RHP Stephen Puckett
|
Batting: LHB Miguel Medellín
|
0-0: Ball 1-0: Ball 2-0: Swinging Strike 2-1: SINGLE (Line Drive, 6)
|
Batting: LHB Robin Hill
|
0-0: Ball 1-0: Ball 2-0: Called Strike 2-1: Ball 3-1: SINGLE (Groundball, 3S) (infield hit) Miguel Medellín to second
|
Batting: LHB Mike Hill
|
0-0: Called Strike 0-1: Fly out, F7 (Flyball, 78M)
|
Batting: RHB Carlos Alfaro
|
0-0: Ball Miguel Medellín steals 3rd base Robin Hill to second 1-0: Fly out, F8 (Flyball, 8RM) Runner from 3rd tags up, SCORES, no throw
|
Batting: LHB Junior Coates
|
0-0: TRIPLE (Line Drive, 78XD) Robin Hill scores
|
Batting: SHB Víctor Serrano
|
0-0: Ball 1-0: Ground out 5-3 (Groundball, 56S)
|
Bottom of the 4th over - 2 runs, 3 hits, 0 errors, 1 left on base; Jersey Shore 1 - St. Louis 2 |
TOP OF THE 5TH |
Jersey Shore D-Bags batting - Pitching for St. Louis Browns : LHP Darren Blackwell
|
Pitching: RHP Martín Ortíz
|
|
Batting: LHB Ray Bryant
|
0-0: Ball 1-0: Ball 2-0: Foul Ball, location: 2F 2-1: Swinging Strike 2-2: Ball 3-2: Base on Balls
|
Batting: RHB Jason Erickson
|
0-0: Called Strike 0-1: Fly out, F7 (Flyball, 78S)
|
Batting: LHB José Delgado
|
0-0: Ball 1-0: Ball 2-0: Foul Ball, location: 2F 2-1: Foul Ball, location: 2F 2-2: Foul Ball, location: 2F 2-2: Ball 3-2: Base on Balls Ray Bryant to second
|
Batting: RHB Ricardo González
|
0-0: Foul Ball, location: 2F 0-1: Foul Ball, location: 2F 0-2: Ball 1-2: SINGLE (Groundball, 56D) Ray Bryant to third José Delgado to second Runner from 3rd tries for Home, SAFE, no throw
|
Batting: LHB Ed Murray
|
0-0: Called Strike 0-1: Ball 1-1: Called Strike 1-2: Reached on error, E3 (Groundball, 34S) José Delgado scores Ricardo González to third
|
Batting: RHB Miguel Serna
|
0-0: Ball 1-0: Swinging Strike 1-1: Ball 2-1: Fly out, F6 (Line Drive, 6) Lined into DP, 6-4 (Line Drive, 6)
|
Top of the 5th over - 2 runs, 1 hit, 1 error, 1 left on base; Jersey Shore 3 - St. Louis 2 |
BOTTOM OF THE 5TH |
St. Louis Browns batting - Pitching for Jersey Shore D-Bags : RHP Stephen Puckett
|
Pitching: RHP Cristóbal Santos
|
|
Batting: RHB Jeff Jones
|
0-0: Ball 1-0: Ball 2-0: Swinging Strike 2-1: Foul Ball, location: 2F 2-2: Foul Ball, location: 2F 2-2: Ball 3-2: Base on Balls
|
Batting: RHB Anthony Rucker
|
0-0: Foul Ball, location: 2F 0-1: Ball 1-1: Ball 2-1: Ball 3-1: Foul Ball, location: 2F 3-2: Foul Ball, location: 2F 3-2: Strikes out swinging
|
Batting: RHB Remi Eruzione
|
0-0: Called Strike 0-1: Fly out, F7 (Flyball, 7S)
|
Batting: LHB Miguel Medellín
|
0-0: Called Strike 0-1: Foul Ball, location: 2F 0-2: Strikes out looking
|
Bottom of the 5th over - 0 runs, 0 hits, 0 errors, 1 left on base; Jersey Shore 3 - St. Louis 2 |
TOP OF THE 6TH |
Jersey Shore D-Bags batting - Pitching for St. Louis Browns : RHP Martín Ortíz
|
Batting: LHB Dave Dodd
|
0-0: Called Strike 0-1: Ball 1-1: Foul Ball, location: 2F 1-2: Ball 2-2: Foul Ball, location: 2F 2-2: DOUBLE (Flyball, 78XD)
|
Batting: RHB Francisco Sandoval
|
0-0: Ball 1-0: Ball 2-0: Ball 3-0: Called Strike 3-1: Fly out, F8 (Flyball, 8LD)
|
Batting: RHB Mike Ingram
|
0-0: Fly out, F8 (Flyball, 89D) Runner from 2nd tags up, SAFE at 3rd, no throw
|
Batting: LHB Ray Bryant
|
0-0: Ball 1-0: Ball 2-0: Ball 3-0: Base on Balls
|
Batting: RHB Jason Erickson
|
0-0: Ball 1-0: Ball 2-0: Fielders Choice at 2nd, 6-4 (Groundball, 6)
|
Top of the 6th over - 0 runs, 1 hit, 0 errors, 2 left on base; Jersey Shore 3 - St. Louis 2 |
BOTTOM OF THE 6TH |
St. Louis Browns batting - Pitching for Jersey Shore D-Bags : RHP Cristóbal Santos
|
Batting: LHB Robin Hill
|
0-0: Ball 1-0: Ball 2-0: SINGLE (Groundball, 4MD)
|
Batting: LHB Mike Hill
|
0-0: Ball 1-0: Ball 2-0: Called Strike 2-1: Swinging Strike 2-2: Ball Robin Hill steals 2nd base 3-2: Fly out, F7 (Flyball, 78XD) Runner from 2nd tags up, SAFE at 3rd, no throw
|
Batting: RHB Carlos Alfaro
|
0-0: Ball 1-0: Ball 2-0: Swinging Strike 2-1: Ball 3-1: Ground out 4-3 (Groundball, 34)
|
Batting: LHB Junior Coates
|
0-0: Ball 1-0: Swinging Strike 1-1: Ball 2-1: SINGLE (Line Drive, 4) Robin Hill scores
|
Batting: SHB Víctor Serrano
|
0-0: Foul Ball, location: 2F 0-1: Ball 1-1: Foul Ball, location: 2F 1-2: SINGLE (Groundball, 4MD) Junior Coates to second
|
Batting: RHB Jeff Jones
|
0-0: Ball 1-0: Ball 2-0: Fly out, F9 (Flyball, 89S)
|
Bottom of the 6th over - 1 run, 3 hits, 0 errors, 2 left on base; Jersey Shore 3 - St. Louis 3 |
TOP OF THE 7TH |
Jersey Shore D-Bags batting - Pitching for St. Louis Browns : RHP Martín Ortíz
|
Pitching: LHP Ramón Ruíz
|
|
Batting: LHB José Delgado
|
0-0: Called Strike 0-1: Foul Ball, location: 2F 0-2: Ground out U3 (Groundball, 3S)
|
Pitching: RHP Juan Franco
|
|
Pinch Hitting: LHB Marcos Villarreal
|
0-0: Ball 1-0: Ball 2-0: Foul Ball, location: 2F 2-1: Foul Ball, location: 2F 2-2: Ball 3-2: Base on Balls
|
Pitching: LHP José Garza
|
|
Pinch Hitting: RHB Pat Fullerton
|
0-0: Ball 1-0: Ball 2-0: Called Strike 2-1: Called Strike 2-2: Fly out, F7 (Flyball, 78M)
|
Pitching: LHP Terry Klassen
|
|
Pinch Hitting: LHB António Cedeño
|
0-0: Called Strike 0-1: SINGLE (Line Drive, 4MD) Marcos Villarreal to second
|
Batting: LHB Dave Dodd
|
0-0: Ball 1-0: Foul Ball, location: 2F 1-1: Ball 2-1: Fly out, F8 (Flyball, 78S)
|
Top of the 7th over - 0 runs, 1 hit, 0 errors, 2 left on base; Jersey Shore 3 - St. Louis 3 |
BOTTOM OF THE 7TH |
St. Louis Browns batting - Pitching for Jersey Shore D-Bags : RHP Cristóbal Santos
|
Now at 3B: Tetsunori Ito
|
|
Now at SS: José Pinto
|
|
Now in RF: Pat Fullerton
|
|
Batting: RHB Anthony Rucker
|
0-0: Ball 1-0: Ball 2-0: Ball 3-0: Called Strike 3-1: Base on Balls
|
Batting: RHB Remi Eruzione
|
0-0: Ball 1-0: Called Strike 1-1: Ball 2-1: Foul Ball, location: 2F 2-2: Ground out 5-3 (Groundball, 56) Anthony Rucker to second
|
Pitching: LHP Hyo-chin Kim
|
|
Pinch Hitting: RHB Vicente Valentín
|
0-0: Swinging Strike 0-1: Foul Ball, location: 2F 0-2: Ball 1-2: Fly out, F8 (Flyball, 8LS)
|
Pinch Hitting: RHB José Flores
|
|
Pitching: RHP Barry Garner
|
0-0: Called Strike 0-1: Ball 1-1: Ball 2-1: Foul Ball, location: 2F 2-2: SINGLE (Line Drive, 9S) Anthony Rucker to third Runner from 3rd tries for Home, throw and OUT!
|
Bottom of the 7th over - 0 runs, 1 hit, 0 errors, 1 left on base; Jersey Shore 3 - St. Louis 3 |
TOP OF THE 8TH |
Jersey Shore D-Bags batting - Pitching for St. Louis Browns : LHP Terry Klassen
|
Now in CF: Manuel Alonso
|
|
Now in RF: Vicente Valentín
|
|
Pinch Hitting: RHB Ben Morton
|
0-0: Foul Ball, location: 2F 0-1: Ball 1-1: Fly out, F7 (Flyball, 78S)
|
Batting: RHB Augusto Baca
|
0-0: Fly out, F9 (Flyball, 89M)
|
Pinch Hitting: RHB Greg Lee
|
0-0: Ball 1-0: Ball 2-0: Foul Ball, location: 2F 2-1: Ball 3-1: Swinging Strike 3-2: Strikes out swinging
|
Top of the 8th over - 0 runs, 0 hits, 0 errors, 0 left on base; Jersey Shore 3 - St. Louis 3 |
BOTTOM OF THE 8TH |
St. Louis Browns batting - Pitching for Jersey Shore D-Bags : RHP Barry Garner
|
Now at 1B: Greg Lee
|
|
Now at 2B: Ben Morton
|
|
Pinch Hitting: RHB Felipe Rodríguez
|
0-0: Ball 1-0: Foul Ball, location: 2F 1-1: Foul Ball, location: 2F 1-2: Ball 2-2: Ball 3-2: Strikes out looking
|
Batting: RHB Carlos Alfaro
|
0-0: Called Strike 0-1: Ball 1-1: Called Strike 1-2: Ball 2-2: Foul Ball, location: 2F 2-2: Ball 3-2: Foul Ball, location: 2F 3-2: Base on Balls
|
Pinch Hitting: RHB Javier Martínez
|
0-0: Ball 1-0: Called Strike 1-1: Called Strike 1-2: Strikes out swinging
|
Batting: SHB Víctor Serrano
|
0-0: Ball 1-0: Foul Ball, location: 2F 1-1: Called Strike 1-2: Ball 2-2: SINGLE (Groundball, 4MD) Carlos Alfaro to second Runner from 2nd tries for 3rd, SAFE, no throw
|
Batting: RHB Jeff Jones
|
0-0: Called Strike 0-1: Swinging Strike 0-2: Ball 1-2: Fly out, F8 (Flyball, 8RS)
|
Bottom of the 8th over - 0 runs, 1 hit, 0 errors, 2 left on base; Jersey Shore 3 - St. Louis 3 |
TOP OF THE 9TH |
Jersey Shore D-Bags batting - Pitching for St. Louis Browns : LHP Terry Klassen
|
Pitching: RHP Jorge Pérez
|
|
Now at 1B: Dave Watson
|
|
Now in LF: Javier Martínez
|
|
Batting: RHB Jason Erickson
|
0-0: Called Strike 0-1: Called Strike 0-2: Fly out, F8 (Flyball, 89D)
|
Batting: LHB José Delgado
|
0-0: DOUBLE (Line Drive, 9LM)
|
Batting: RHB Tetsunori Ito
|
0-0: Called Strike 0-1: SINGLE (Groundball, 6MD) José Delgado to third Runner from 3rd tries for Home, SAFE, no throw
|
Batting: RHB Pat Fullerton
|
0-0: Swinging Strike 0-1: Ball 1-1: Called Strike 1-2: Strikes out looking
|
Batting: RHB José Pinto
|
0-0: Ball 1-0: Ball 2-0: Foul Ball, location: 2F 2-1: Swinging Strike 2-2: Ball 3-2: Ground out 5-3 (Groundball, 56)
|
Top of the 9th over - 1 run, 2 hits, 0 errors, 1 left on base; Jersey Shore 4 - St. Louis 3 |
BOTTOM OF THE 9TH |
St. Louis Browns batting - Pitching for Jersey Shore D-Bags : RHP Barry Garner
|
Batting: RHB Anthony Rucker
|
0-0: Ball 1-0: Called Strike 1-1: Ball 2-1: Called Strike 2-2: Foul Ball, location: 2F 2-2: SINGLE (Flyball, 9LS)
|
Batting: RHB Remi Eruzione
|
0-0: Grounds into double play, 6-4-3 (Groundball, 6)
|
Batting: RHB Vicente Valentín
|
0-0: SINGLE (Flyball, 89S)
|
Batting: RHB Manuel Alonso
|
0-0: Ball 1-0: Swinging Strike 1-1: Ball 2-1: Foul Ball, location: 2F 2-2: Strikes out swinging
|
Bottom of the 9th over - 0 runs, 2 hits, 0 errors, 1 left on base; Jersey Shore 4 - St. Louis 3 |
|